[ AOE2 MATCH · #482025964 ]
UnrankedVietnamese vs Burgundians
[ REPLAY ANALYSIS · EXTRACTED FROM THE RECORDED GAME ]
Feudal
11:49
Castle
22:19
Imperial
—
| APM avg | 25.4 |
| APM peak | 113 |
| eAPM avg | 8.1 |
| Villagers / military | 102 / 85 |
Focus
⚔️ 34.8% · 🌾 65.2%
Skirmisher ×41 · Archer ×23 · Fire Lancer ×19 · Rattan Archer ×2
Feudal
—
Castle
—
Imperial
—
| APM avg | 13.8 |
| APM peak | 45 |
| eAPM avg | 9.6 |
| Villagers / military | 184 / 243 |
Focus
⚔️ 25.4% · 🌾 74.6%
Knight ×128 · Spearman ×100 · Archer ×7 · Trebuchet (Packed) ×6 · Battering Ram ×2
Feudal
10:33
Castle
21:13
Imperial
38:00
| APM avg | 23.7 |
| APM peak | 57 |
| eAPM avg | 9.5 |
| Villagers / military | 134 / 169 |
Focus
⚔️ 31.7% · 🌾 68.3%
Knight ×108 · Throwing Axeman ×49 · Trebuchet (Packed) ×7 · Scout Cavalry ×5
Feudal
—
Castle
—
Imperial
—
| APM avg | 12.5 |
| APM peak | 25 |
| eAPM avg | 9.2 |
| Villagers / military | 101 / 305 |
Focus
⚔️ 44.7% · 🌾 55.3%
Militia ×189 · Spearman ×94 · Berserk ×15 · Knight ×4 · Mangonel ×1 · Battering Ram ×1
Feudal
11:12
Castle
25:41
Imperial
64:05
| APM avg | 17.1 |
| APM peak | 61 |
| eAPM avg | 10.8 |
| Villagers / military | 95 / 228 |
Focus
⚔️ 48.9% · 🌾 51.1%
Serjeant ×181 · Scout Cavalry ×36 · Spearman ×11
Feudal
—
Castle
—
Imperial
—
| APM avg | 19.6 |
| APM peak | 51 |
| eAPM avg | 11.1 |
| Villagers / military | 169 / 231 |
Focus
⚔️ 33.7% · 🌾 66.3%
Spearman ×102 · Scorpion ×66 · Woad Raider ×29 · Knight ×12 · Battering Ram ×11 · Trebuchet (Packed) ×8
Match map
Initial resources + every placement click. Lines = walls · curves = elevation contours. ◆ gold · ⬟ stone · ● berries · ✦ relic · ◌ wall gap
Your base· Open — unwalled flank
JuanchMa's base· Open — unwalled flank
mservett's base· Open — unwalled flank
Powder1011608's base· Open — unwalled flank
Spy's base· Open — 6t gap
TuckgerX's base· Open — unwalled flank
Smoothed initial terrain · ◌ = detected wall gap · hover for details
Inputs per minute
— çupra - - JuanchMa
Build order — çupra
First 150 of 280 actions detected
| 0:01 | Create | Villager (Male) |
| 0:01 | Create | Villager (Male) |
| 0:01 | Create | Villager (Male) |
| 0:02 | Create | Villager (Male) |
| 0:02 | Create | Villager (Male) |
| 0:04 | Build | House |
| 0:07 | Build | House |
| 1:28 | Build | Lumber Camp |
| 1:55 | Create | Villager (Male) |
| 1:56 | Create | Villager (Male) |
| 3:00 | Create | Villager (Male) |
| 3:00 | Create | Villager (Male) |
| 4:46 | Create | Villager (Male) |
| 4:46 | Create | Villager (Male) |
| 4:46 | Create | Villager (Male) |
| 4:47 | Create | Villager (Male) |
| 4:47 | Create | Villager (Male) |
| 6:00 | Create | Villager (Male) |
| 6:10 | Build | House |
| 7:57 | Create | Villager (Male) |
| 7:57 | Create | Villager (Male) |
| 7:58 | Create | Villager (Male) |
| 8:01 | Build | House |
| 8:39 | Build | Mill |
| 9:05 | Create | Villager (Male) |
| 9:39 | Research | Feudal Age |
| 10:13 | Build | House |
| 10:19 | Build | Barracks |
| 10:56 | Build | Mining Camp |
| 11:49 | Age | Feudal Age |
| 11:57 | Build | Archery Range |
| 12:16 | Create | Villager (Male) |
| 12:16 | Create | Villager (Male) |
| 12:17 | Create | Villager (Male) |
| 12:18 | Create | Villager (Male) |
| 12:56 | Build | Lumber Camp |
| 13:18 | Create | Villager (Male) |
| 13:22 | Create | Archer |
| 13:22 | Create | Archer |
| 13:22 | Create | Archer |
| 13:24 | Create | Archer |
| 13:55 | Research | Double-Bit Axe |
| 13:55 | Research | Double-Bit Axe |
| 14:42 | Build | Mill |
| 14:53 | Create | Archer |
| 14:53 | Create | Archer |
| 15:18 | Create | Villager (Male) |
| 15:18 | Create | Villager (Male) |
| 15:18 | Create | Villager (Male) |
| 15:52 | Build | House |
| 15:58 | Build | Market |
| 16:13 | Build | House |
| 16:15 | Create | Archer |
| 16:32 | Create | Villager (Male) |
| 16:57 | Build | House |
| 17:04 | Create | Villager (Male) |
| 17:19 | Build | Farm |
| 17:22 | Create | Villager (Male) |
| 17:27 | Build | Farm |
| 17:43 | Build | Farm |
| 17:44 | Build | Farm |
| 17:45 | Build | Farm |
| 18:03 | Build | Farm |
| 18:04 | Build | Farm |
| 18:35 | Build | Farm |
| 18:38 | Build | Farm |
| 18:55 | Create | Archer |
| 18:55 | Create | Archer |
| 18:56 | Create | Archer |
| 18:58 | Create | Archer |
| 19:17 | Create | Archer |
| 19:27 | Build | House |
| 19:36 | Research | Loom |
| 19:39 | Research | Castle Age |
| 20:17 | Build | Archery Range |
| 20:21 | Build | Palisade Wall |
| 20:43 | Create | Skirmisher |
| 20:43 | Create | Skirmisher |
| 20:43 | Create | Skirmisher |
| 20:52 | Build | House |
| 21:52 | Create | Skirmisher |
| 21:52 | Create | Skirmisher |
| 21:59 | Build | House |
| 22:19 | Age | Castle Age |
| 22:21 | Research | Crossbowman (upgrade) |
| 22:23 | Create | Archer |
| 22:23 | Create | Archer |
| 22:27 | Create | Archer |
| 22:50 | Create | Archer |
| 23:07 | Build | House |
| 23:08 | Build | House |
| 24:02 | Research | Elite Skirmisher (upgrade) |
| 24:05 | Create | Skirmisher |
| 24:05 | Create | Skirmisher |
| 24:06 | Create | Skirmisher |
| 24:06 | Create | Skirmisher |
| 24:06 | Create | Skirmisher |
| 24:06 | Create | Skirmisher |
| 24:46 | Build | Archery Range |
| 24:49 | Create | Skirmisher |
| 24:49 | Create | Skirmisher |
| 25:30 | Create | Skirmisher |
| 25:30 | Create | Skirmisher |
| 25:30 | Create | Skirmisher |
| 25:30 | Create | Skirmisher |
| 25:33 | Create | Skirmisher |
| 25:34 | Create | Skirmisher |
| 25:34 | Create | Skirmisher |
| 25:34 | Create | Skirmisher |
| 25:56 | Research | Pikeman (upgrade) |
| 25:58 | Create | Fire Lancer |
| 25:59 | Create | Fire Lancer |
| 25:59 | Create | Fire Lancer |
| 25:59 | Create | Fire Lancer |
| 25:59 | Create | Fire Lancer |
| 26:00 | Create | Fire Lancer |
| 28:12 | Create | Fire Lancer |
| 28:12 | Create | Fire Lancer |
| 28:36 | Build | Town Center |
| 28:39 | Create | Villager (Male) |
| 28:39 | Create | Villager (Male) |
| 28:40 | Create | Villager (Male) |
| 28:40 | Create | Villager (Male) |
| 28:40 | Create | Villager (Male) |
| 28:40 | Create | Villager (Male) |
| 28:40 | Create | Villager (Male) |
| 28:46 | Create | Fire Lancer |
| 28:46 | Create | Fire Lancer |
| 28:54 | Create | Skirmisher |
| 28:55 | Create | Skirmisher |
| 28:55 | Create | Skirmisher |
| 29:10 | Build | Farm |
| 29:35 | Build | Farm |
| 29:37 | Create | Villager (Male) |
| 30:11 | Build | Farm |
| 30:13 | Create | Fire Lancer |
| 30:13 | Create | Fire Lancer |
| 30:13 | Create | Fire Lancer |
| 31:14 | Create | Fire Lancer |
| 31:15 | Create | Fire Lancer |
| 31:15 | Create | Fire Lancer |
| 32:58 | Create | Fire Lancer |
| 32:58 | Create | Fire Lancer |
| 32:58 | Create | Fire Lancer |
| 33:18 | Create | Villager (Male) |
| 33:18 | Create | Villager (Male) |
| 33:18 | Create | Villager (Male) |
| 33:18 | Create | Villager (Male) |
| 33:18 | Create | Villager (Male) |
| 33:21 | Create | Villager (Male) |
Build order — JuanchMa
First 150 of 364 actions detected
| 0:01 | Create | Villager (Male) |
| 0:02 | Create | Villager (Male) |
| 0:02 | Create | Villager (Male) |
| 0:02 | Create | Villager (Male) |
| 0:05 | Build | House |
| 0:07 | Build | House |
| 1:46 | Create | Villager (Male) |
| 1:46 | Create | Villager (Male) |
| 1:54 | Create | Villager (Male) |
| 1:54 | Create | Villager (Male) |
| 2:25 | Research | Loom |
| 2:30 | Create | Villager (Male) |
| 2:30 | Create | Villager (Male) |
| 2:55 | Create | Villager (Male) |
| 2:55 | Create | Villager (Male) |
| 2:55 | Create | Villager (Male) |
| 3:45 | Build | Mill |
| 4:01 | Create | Villager (Male) |
| 4:01 | Create | Villager (Male) |
| 4:30 | Create | Villager (Male) |
| 4:48 | Build | House |
| 5:24 | Create | Villager (Male) |
| 5:24 | Create | Villager (Male) |
| 5:34 | Create | Villager (Male) |
| 5:35 | Create | Villager (Male) |
| 5:49 | Build | House |
| 6:09 | Create | Villager (Male) |
| 6:09 | Create | Villager (Male) |
| 7:16 | Create | Villager (Male) |
| 7:17 | Create | Villager (Male) |
| 7:17 | Create | Villager (Male) |
| 7:25 | Build | Lumber Camp |
| 7:35 | Create | Villager (Male) |
| 7:57 | Create | Villager (Male) |
| 8:33 | Create | Villager (Male) |
| 9:04 | Build | Mining Camp |
| 9:06 | Create | Villager (Male) |
| 9:14 | Research | Feudal Age |
| 9:59 | Build | House |
| 10:23 | Build | Barracks |
| 10:27 | Create | Villager (Male) |
| 10:29 | Create | Villager (Male) |
| 10:36 | Build | House |
| 10:51 | Research | Double-Bit Axe |
| 10:59 | Research | Horse Collar |
| 11:07 | Research | Gold Mining |
| 11:38 | Create | Villager (Male) |
| 11:50 | Build | Archery Range |
| 11:56 | Build | Farm |
| 11:57 | Build | Farm |
| 11:57 | Build | Farm |
| 11:59 | Build | Farm |
| 12:00 | Build | Farm |
| 12:01 | Build | Farm |
| 12:20 | Build | Farm |
| 12:30 | Create | Villager (Male) |
| 12:30 | Create | Villager (Male) |
| 12:47 | Build | House |
| 12:54 | Build | Farm |
| 12:57 | Create | Villager (Male) |
| 13:00 | Research | Horse Collar |
| 13:18 | Build | Farm |
| 13:39 | Build | House |
| 13:45 | Build | Farm |
| 13:52 | Research | Bow Saw |
| 14:14 | Create | Spearman |
| 14:14 | Create | Spearman |
| 14:14 | Create | Spearman |
| 14:57 | Create | Spearman |
| 15:12 | Create | Villager (Male) |
| 15:14 | Create | Villager (Male) |
| 15:15 | Create | Villager (Male) |
| 15:15 | Create | Villager (Male) |
| 15:34 | Create | Villager (Male) |
| 15:48 | Build | Blacksmith |
| 16:44 | Create | Villager (Male) |
| 16:48 | Create | Villager (Male) |
| 17:05 | Build | Farm |
| 17:06 | Build | Farm |
| 17:07 | Build | Farm |
| 17:07 | Build | Farm |
| 17:08 | Build | Farm |
| 17:27 | Create | Villager (Male) |
| 17:34 | Build | Mining Camp |
| 17:37 | Create | Villager (Male) |
| 17:44 | Research | Heavy Plow |
| 17:58 | Build | House |
| 18:09 | Create | Villager (Male) |
| 18:21 | Create | Villager (Male) |
| 18:55 | Build | Gate |
| 18:59 | Create | Villager (Male) |
| 19:24 | Build | House |
| 19:32 | Build | Mill |
| 19:55 | Build | Barracks |
| 21:24 | Build | Stable |
| 21:50 | Build | Market |
| 22:04 | Research | Castle Age |
| 22:40 | Create | Archer ×5 |
| 22:50 | Create | Villager (Male) |
| 22:50 | Create | Villager (Male) |
| 23:00 | Build | House |
| 23:25 | Build | Stable |
| 23:54 | Create | Archer |
| 23:57 | Create | Archer |
| 25:16 | Create | Knight ×5 |
| 25:48 | Create | Knight |
| 26:55 | Build | Town Center |
| 27:43 | Build | Farm |
| 28:19 | Create | Knight |
| 28:20 | Create | Knight |
| 28:23 | Create | Villager (Male) |
| 28:23 | Create | Villager (Male) |
| 28:24 | Create | Villager (Male) |
| 28:24 | Create | Villager (Male) |
| 28:25 | Create | Villager (Male) |
| 28:27 | Create | Villager (Male) |
| 28:27 | Create | Villager (Male) |
| 28:28 | Create | Villager (Male) |
| 28:29 | Create | Villager (Male) |
| 28:45 | Create | Villager (Male) |
| 28:49 | Create | Villager (Male) |
| 28:59 | Research | Crossbowman (upgrade) |
| 29:43 | Research | Pikeman (upgrade) |
| 29:55 | Create | Villager (Male) |
| 30:05 | Build | Lumber Camp |
| 30:14 | Build | Castle |
| 30:20 | Create | Villager (Male) |
| 30:29 | Build | House |
| 30:33 | Build | House |
| 30:35 | Build | House |
| 30:44 | Create | Villager (Male) |
| 30:45 | Create | Villager (Male) |
| 30:59 | Create | Villager (Male) |
| 31:05 | Research | Stone Mining |
| 31:09 | Research | Crop Rotation |
| 31:43 | Build | Siege Workshop |
| 31:47 | Create | Spearman ×5 |
| 31:54 | Create | Villager (Male) |
| 32:10 | Build | Town Center |
| 32:20 | Create | Spearman |
| 32:27 | Create | Villager (Male) |
| 32:30 | Create | Villager (Male) |
| 32:31 | Create | Villager (Male) |
| 32:42 | Build | Farm |
| 32:43 | Build | Farm |
| 32:44 | Build | Farm |
| 32:48 | Create | Villager (Male) |
| 33:12 | Build | Barracks |
| 33:14 | Build | Barracks |
| 33:18 | Create | Villager (Male) |
Build order — mservett
First 150 of 267 actions detected
| 0:00 | Create | Villager (Male) |
| 0:01 | Create | Villager (Male) |
| 0:01 | Create | Villager (Male) |
| 0:03 | Build | House |
| 0:05 | Build | House |
| 0:26 | Create | Villager (Male) |
| 1:31 | Create | Villager (Male) |
| 1:55 | Build | Lumber Camp |
| 2:01 | Create | Villager (Male) |
| 2:32 | Create | Villager (Male) |
| 2:58 | Create | Villager (Male) |
| 2:58 | Create | Villager (Male) |
| 3:08 | Create | Villager (Male) |
| 3:43 | Create | Villager (Male) |
| 3:53 | Build | House |
| 3:54 | Build | House |
| 4:00 | Create | Villager (Male) |
| 4:20 | Build | Mill |
| 4:25 | Create | Villager (Male) |
| 4:35 | Create | Villager (Male) |
| 5:25 | Create | Villager (Male) |
| 5:48 | Create | Villager (Male) |
| 6:01 | Create | Villager (Male) |
| 6:01 | Create | Villager (Male) |
| 6:49 | Create | Villager (Male) |
| 6:50 | Create | Villager (Male) |
| 6:57 | Build | Mill |
| 7:15 | Research | Loom |
| 7:58 | Create | Villager (Male) |
| 8:10 | Research | Feudal Age |
| 9:09 | Create | Villager (Male) ×5 |
| 9:22 | Build | House |
| 9:26 | Build | Barracks |
| 10:33 | Age | Feudal Age |
| 10:50 | Build | Stable |
| 10:57 | Build | Blacksmith |
| 11:03 | Create | Villager (Male) |
| 11:04 | Create | Villager (Male) |
| 11:04 | Create | Villager (Male) |
| 11:04 | Create | Villager (Male) |
| 11:36 | Create | Scout Cavalry |
| 11:37 | Create | Scout Cavalry |
| 11:37 | Create | Scout Cavalry |
| 11:38 | Create | Scout Cavalry |
| 11:58 | Research | Double-Bit Axe |
| 12:03 | Create | Scout Cavalry |
| 12:13 | Build | Farm |
| 12:14 | Build | Farm |
| 12:17 | Build | Farm |
| 12:25 | Build | Farm |
| 12:35 | Build | House |
| 12:37 | Build | House |
| 12:45 | Research | Wheelbarrow |
| 12:46 | Create | Villager (Male) |
| 12:46 | Create | Villager (Male) |
| 13:26 | Build | Farm |
| 13:31 | Build | Farm |
| 13:32 | Build | Farm |
| 14:15 | Build | House |
| 14:16 | Build | House |
| 14:48 | Create | Villager (Male) |
| 14:49 | Create | Villager (Male) |
| 14:49 | Create | Villager (Male) |
| 14:55 | Build | Farm |
| 14:57 | Build | Farm |
| 15:07 | Build | Mining Camp |
| 15:15 | Build | Farm |
| 15:16 | Build | Farm |
| 15:17 | Build | Farm |
| 15:19 | Build | Farm |
| 15:27 | Build | House |
| 15:29 | Build | House |
| 16:29 | Create | Villager (Male) |
| 16:29 | Create | Villager (Male) |
| 16:30 | Research | Town Watch |
| 16:38 | Build | Farm |
| 16:39 | Build | Farm |
| 16:40 | Build | Farm |
| 16:47 | Research | Gold Mining |
| 17:22 | Build | Farm |
| 17:24 | Build | Farm |
| 17:54 | Research | Scale Barding Armor |
| 18:33 | Research | Castle Age |
| 19:34 | Build | Mining Camp |
| 19:38 | Research | Stone Mining |
| 20:53 | Create | Villager (Male) ×5 |
| 21:13 | Age | Castle Age |
| 21:19 | Build | Town Center |
| 21:25 | Research | Bow Saw |
| 22:27 | Research | Husbandry |
| 22:28 | Create | Knight ×3 |
| 22:38 | Research | Gold Shaft Mining |
| 22:42 | Create | Villager (Male) ×5 |
| 22:46 | Research | Hand Cart |
| 23:11 | Create | Villager (Male) |
| 23:12 | Create | Villager (Male) |
| 23:12 | Research | Town Patrol |
| 23:44 | Create | Villager (Male) |
| 23:44 | Create | Villager (Male) |
| 23:51 | Create | Villager (Male) |
| 23:51 | Create | Villager (Male) |
| 23:52 | Create | Villager (Male) |
| 24:00 | Build | Farm |
| 24:01 | Build | Farm |
| 24:03 | Build | Farm |
| 24:05 | Build | Farm |
| 24:06 | Build | Farm |
| 24:19 | Build | Farm |
| 24:20 | Build | Farm |
| 24:22 | Build | Farm |
| 24:24 | Build | Farm |
| 24:31 | Create | Villager (Male) |
| 24:34 | Create | Villager (Male) |
| 24:47 | Build | Castle |
| 25:06 | Research | Padded Archer Armor |
| 25:07 | Research | Fletching |
| 25:08 | Research | Scale Mail Armor |
| 25:18 | Build | Farm |
| 25:28 | Research | Forging |
| 26:11 | Create | Villager (Male) ×5 |
| 26:20 | Build | Farm |
| 26:21 | Build | Farm |
| 26:22 | Build | Farm |
| 26:24 | Build | Farm |
| 26:44 | Research | Bearded Axe |
| 27:58 | Create | Throwing Axeman ×5 |
| 27:58 | Create | Throwing Axeman ×4 |
| 28:02 | Build | Farm |
| 28:07 | Create | Villager (Male) ×5 |
| 28:20 | Build | Farm |
| 28:39 | Build | University |
| 28:50 | Create | Villager (Male) ×5 |
| 29:02 | Create | Villager (Male) ×5 |
| 29:12 | Build | Mining Camp |
| 29:46 | Research | Leather Archer Armor |
| 29:47 | Research | Bodkin Arrow |
| 29:48 | Research | Chain Barding Armor |
| 30:12 | Build | Town Center |
| 30:28 | Build | Mining Camp |
| 30:49 | Research | Murder Holes |
| 31:44 | Create | Villager (Male) ×5 |
| 31:59 | Build | House |
| 31:59 | Build | House |
| 32:00 | Build | House |
| 32:04 | Build | Stable |
| 32:05 | Build | Stable |
| 32:06 | Build | Stable |
| 32:39 | Build | Castle |
| 33:04 | Create | Villager (Male) ×5 |
| 33:22 | Research | Chain Mail Armor |
Build order — Powder1011608
First 150 of 363 actions detected
| 0:01 | Create | Villager (Male) |
| 0:01 | Create | Villager (Male) |
| 0:01 | Create | Villager (Male) |
| 0:03 | Build | House |
| 0:05 | Build | House |
| 0:17 | Create | Villager (Male) |
| 0:18 | Create | Villager (Male) |
| 1:37 | Create | Villager (Male) |
| 1:57 | Create | Villager (Male) |
| 2:24 | Create | Villager (Male) |
| 2:37 | Create | Villager (Male) |
| 2:54 | Create | Villager (Male) |
| 3:07 | Build | House |
| 3:25 | Create | Villager (Male) |
| 3:35 | Create | Villager (Male) |
| 4:00 | Create | Villager (Male) |
| 4:12 | Create | Villager (Male) |
| 4:32 | Create | Villager (Male) |
| 4:36 | Create | Villager (Male) |
| 4:53 | Build | House |
| 5:19 | Create | Villager (Male) |
| 5:20 | Create | Villager (Male) |
| 6:18 | Create | Villager (Male) |
| 6:27 | Build | Lumber Camp |
| 6:41 | Create | Villager (Male) |
| 7:28 | Build | Mill |
| 7:37 | Create | Villager (Male) |
| 7:58 | Research | Loom |
| 8:11 | Build | Mining Camp |
| 8:33 | Research | Feudal Age |
| 8:47 | Build | Mining Camp |
| 9:19 | Build | Barracks |
| 9:27 | Build | Mill |
| 10:07 | Build | House |
| 10:12 | Create | Villager (Male) |
| 10:18 | Build | House |
| 11:05 | Create | Villager (Male) |
| 11:44 | Build | Blacksmith |
| 11:53 | Create | Villager (Male) |
| 11:58 | Research | Horse Collar |
| 12:05 | Create | Villager (Male) |
| 12:17 | Build | Farm |
| 12:21 | Build | Farm |
| 12:23 | Create | Villager (Male) |
| 12:27 | Build | Farm |
| 12:56 | Build | Barracks |
| 13:04 | Create | Villager (Male) |
| 13:16 | Create | Villager (Male) |
| 13:31 | Create | Villager (Male) |
| 14:02 | Build | House |
| 14:09 | Create | Militia |
| 14:09 | Create | Militia |
| 14:10 | Create | Militia |
| 14:10 | Create | Militia |
| 14:24 | Build | House |
| 14:31 | Create | Villager (Male) |
| 14:53 | Research | Man-at-Arms (upgrade) |
| 14:58 | Research | Forging |
| 15:00 | Create | Villager (Male) |
| 15:01 | Create | Villager (Male) |
| 15:10 | Build | Barracks |
| 15:27 | Create | Villager (Male) |
| 15:52 | Create | Militia |
| 16:19 | Create | Militia |
| 16:19 | Create | Militia |
| 17:06 | Create | Villager (Male) |
| 17:07 | Create | Villager (Male) |
| 17:07 | Create | Villager (Male) |
| 17:10 | Build | Farm |
| 17:11 | Build | Farm |
| 17:11 | Build | Farm |
| 17:11 | Build | Farm |
| 17:12 | Build | Farm |
| 17:12 | Build | Farm |
| 17:12 | Build | Farm |
| 17:12 | Build | Farm |
| 17:13 | Build | Farm |
| 17:13 | Build | Farm |
| 17:19 | Build | Farm |
| 17:24 | Build | Farm |
| 17:35 | Build | House |
| 17:57 | Create | Spearman |
| 17:58 | Create | Spearman |
| 18:08 | Create | Spearman |
| 19:17 | Create | Villager (Male) |
| 19:18 | Create | Villager (Male) |
| 19:54 | Create | Villager (Male) |
| 20:03 | Build | Farm |
| 20:03 | Build | Farm |
| 20:04 | Build | Farm |
| 20:36 | Build | Barracks |
| 20:41 | Create | Villager (Male) |
| 20:47 | Create | Villager (Male) |
| 21:28 | Build | Lumber Camp |
| 22:12 | Build | Archery Range |
| 22:13 | Create | Villager (Male) |
| 22:41 | Build | Lumber Camp |
| 22:43 | Research | Castle Age |
| 23:06 | Create | Militia |
| 23:06 | Create | Militia |
| 23:07 | Create | Militia |
| 23:07 | Create | Militia |
| 23:07 | Create | Militia |
| 23:07 | Create | Militia |
| 23:18 | Create | Militia |
| 23:18 | Create | Militia |
| 23:19 | Create | Militia |
| 23:24 | Build | House |
| 23:33 | Build | House |
| 23:42 | Create | Militia |
| 23:42 | Create | Militia |
| 23:42 | Create | Militia |
| 24:03 | Build | Farm |
| 24:10 | Build | Stable |
| 24:49 | Create | Militia |
| 24:49 | Create | Militia |
| 24:50 | Create | Militia |
| 24:50 | Create | Militia |
| 25:25 | Create | Knight |
| 25:26 | Create | Knight |
| 25:26 | Create | Knight |
| 25:34 | Research | Long Swordsman (upgrade) |
| 25:35 | Research | Gambesons |
| 25:55 | Build | Town Center |
| 25:59 | Create | Villager (Male) |
| 25:59 | Create | Villager (Male) |
| 25:59 | Create | Villager (Male) |
| 26:09 | Build | House |
| 26:15 | Create | Militia |
| 26:16 | Create | Militia |
| 26:16 | Create | Militia |
| 26:16 | Create | Militia |
| 26:24 | Build | House |
| 26:25 | Build | House |
| 26:52 | Build | House |
| 27:02 | Create | Villager (Male) |
| 27:03 | Create | Villager (Male) |
| 27:07 | Create | Villager (Male) |
| 27:16 | Create | Militia |
| 27:16 | Create | Militia |
| 27:16 | Create | Militia |
| 27:17 | Create | Militia |
| 27:39 | Research | Scale Mail Armor |
| 27:47 | Build | House |
| 27:54 | Create | Knight |
| 28:00 | Create | Spearman ×5 |
| 28:00 | Create | Spearman ×5 |
| 28:01 | Create | Spearman ×5 |
| 28:01 | Create | Spearman |
| 28:14 | Build | Farm |
Build order — Spy
First 150 of 497 actions detected
| 0:04 | Build | House |
| 0:08 | Build | House |
| 0:09 | Create | Villager (Male) |
| 0:10 | Create | Villager (Male) |
| 0:10 | Create | Villager (Male) |
| 0:10 | Create | Villager (Male) |
| 1:33 | Create | Villager (Male) |
| 2:02 | Create | Villager (Male) |
| 2:33 | Create | Villager (Male) |
| 3:09 | Build | House |
| 3:12 | Create | Villager (Male) |
| 3:12 | Create | Villager (Male) |
| 3:12 | Create | Villager (Male) |
| 3:57 | Create | Villager (Male) |
| 4:24 | Create | Villager (Male) |
| 4:36 | Create | Villager (Male) |
| 5:20 | Create | Villager (Male) |
| 5:20 | Create | Villager (Male) |
| 5:31 | Build | Lumber Camp |
| 5:54 | Create | Villager (Male) |
| 6:02 | Build | House |
| 6:06 | Build | House |
| 6:12 | Build | Palisade Wall |
| 7:20 | Create | Villager (Male) |
| 7:20 | Create | Villager (Male) |
| 7:38 | Build | Mill |
| 7:51 | Research | Loom |
| 8:51 | Build | Mill |
| 9:02 | Research | Feudal Age |
| 9:12 | Build | Mining Camp |
| 10:04 | Build | Mining Camp |
| 10:20 | Create | Villager (Male) |
| 10:21 | Create | Villager (Male) |
| 10:21 | Create | Villager (Male) |
| 11:12 | Age | Feudal Age |
| 11:24 | Create | Villager (Male) |
| 11:29 | Research | Double-Bit Axe |
| 11:44 | Create | Villager (Male) |
| 12:09 | Build | Farm |
| 12:33 | Build | Farm |
| 12:44 | Build | Donjon |
| 12:54 | Create | Villager (Male) |
| 12:59 | Build | Farm |
| 13:24 | Build | Farm |
| 13:37 | Build | Lumber Camp |
| 13:39 | Create | Serjeant |
| 13:40 | Create | Serjeant |
| 13:40 | Create | Serjeant |
| 13:40 | Create | Serjeant |
| 13:46 | Build | House |
| 13:47 | Build | House |
| 13:48 | Build | House |
| 13:57 | Create | Villager (Male) |
| 13:58 | Create | Villager (Male) |
| 13:58 | Create | Villager (Male) |
| 13:58 | Create | Villager (Male) |
| 14:18 | Create | Serjeant |
| 14:32 | Build | Farm |
| 14:55 | Build | Farm |
| 15:31 | Build | Farm |
| 15:41 | Build | Donjon |
| 15:51 | Create | Serjeant |
| 15:51 | Create | Serjeant |
| 15:51 | Create | Serjeant |
| 15:52 | Create | Serjeant |
| 16:05 | Build | Farm |
| 17:03 | Create | Serjeant |
| 17:03 | Create | Serjeant |
| 17:03 | Create | Serjeant |
| 17:03 | Create | Serjeant |
| 17:14 | Build | Blacksmith |
| 17:16 | Create | Villager (Male) |
| 17:16 | Create | Villager (Male) |
| 17:16 | Create | Villager (Male) |
| 17:16 | Create | Villager (Male) |
| 17:38 | Create | Villager (Male) |
| 17:41 | Research | Horse Collar |
| 17:49 | Build | Stable |
| 18:10 | Build | House |
| 18:11 | Build | House |
| 18:12 | Build | House |
| 18:22 | Research | Scale Mail Armor |
| 18:30 | Create | Serjeant |
| 18:37 | Build | Farm |
| 18:53 | Build | Donjon |
| 19:01 | Build | Farm |
| 19:05 | Build | Farm |
| 19:09 | Build | Farm |
| 19:29 | Create | Serjeant |
| 19:29 | Create | Serjeant |
| 19:29 | Create | Serjeant |
| 19:37 | Build | Farm |
| 20:17 | Build | Farm |
| 20:18 | Create | Villager (Male) |
| 20:18 | Create | Villager (Male) |
| 20:19 | Create | Villager (Male) |
| 20:19 | Create | Villager (Male) |
| 20:53 | Research | Gold Mining |
| 20:56 | Create | Villager (Male) |
| 21:14 | Build | Farm |
| 21:38 | Build | Farm |
| 22:02 | Build | Farm |
| 22:30 | Build | Farm |
| 22:46 | Build | Farm |
| 23:01 | Research | Castle Age |
| 23:59 | Build | Lumber Camp |
| 24:24 | Build | Barracks |
| 25:07 | Create | Spearman |
| 25:08 | Create | Spearman |
| 25:08 | Create | Spearman |
| 25:08 | Create | Spearman |
| 25:08 | Create | Spearman |
| 25:09 | Create | Spearman |
| 25:09 | Create | Spearman |
| 25:09 | Create | Spearman |
| 25:09 | Create | Spearman |
| 25:10 | Create | Spearman |
| 25:17 | Build | Donjon |
| 25:41 | Age | Castle Age |
| 26:29 | Create | Villager (Male) |
| 26:29 | Create | Villager (Male) |
| 26:29 | Create | Villager (Male) |
| 26:47 | Research | Pikeman (upgrade) |
| 26:48 | Create | Spearman |
| 27:00 | Build | Farm |
| 28:02 | Research | Gambesons |
| 28:13 | Research | Chain Mail Armor |
| 28:19 | Build | Farm |
| 28:21 | Build | Farm |
| 28:23 | Create | Serjeant |
| 28:24 | Create | Serjeant |
| 28:24 | Create | Serjeant |
| 28:24 | Create | Serjeant |
| 28:24 | Create | Serjeant |
| 28:25 | Create | Serjeant |
| 28:25 | Create | Serjeant |
| 28:25 | Create | Serjeant |
| 28:26 | Create | Serjeant |
| 28:26 | Create | Serjeant |
| 28:28 | Create | Villager (Male) |
| 28:57 | Build | House |
| 28:59 | Build | House |
| 29:04 | Create | Villager (Male) |
| 29:04 | Create | Villager (Male) |
| 29:05 | Create | Villager (Male) |
| 29:31 | Create | Serjeant |
| 29:31 | Create | Serjeant |
| 29:37 | Build | Farm |
| 29:40 | Research | Bow Saw |
| 30:01 | Build | Farm |
Build order — TuckgerX
First 150 of 397 actions detected
| 0:02 | Create | Villager (Male) ×4 |
| 0:06 | Build | House |
| 0:07 | Build | House |
| 1:33 | Create | Villager (Male) |
| 1:54 | Create | Villager (Male) |
| 1:55 | Create | Villager (Male) |
| 2:27 | Create | Villager (Male) |
| 2:27 | Create | Villager (Male) |
| 2:46 | Create | Villager (Male) |
| 2:46 | Create | Villager (Male) |
| 3:01 | Create | Villager (Male) |
| 3:01 | Create | Villager (Male) |
| 3:40 | Create | Villager (Male) |
| 3:41 | Create | Villager (Male) |
| 3:52 | Build | House |
| 4:11 | Create | Villager (Male) ×2 |
| 4:17 | Build | Mill |
| 4:45 | Build | Lumber Camp |
| 5:00 | Create | Villager (Male) |
| 5:01 | Create | Villager (Male) |
| 5:44 | Create | Villager (Male) |
| 5:44 | Create | Villager (Male) |
| 6:00 | Build | House |
| 6:10 | Create | Villager (Male) |
| 6:11 | Create | Villager (Male) |
| 6:11 | Create | Villager (Male) |
| 6:31 | Create | Villager (Male) |
| 6:32 | Create | Villager (Male) |
| 6:54 | Build | Mill |
| 7:16 | Create | Villager (Male) |
| 7:17 | Create | Villager (Male) |
| 7:38 | Create | Villager (Male) ×5 |
| 8:07 | Research | Loom |
| 8:48 | Research | Feudal Age |
| 8:55 | Build | Mining Camp |
| 9:19 | Create | Villager (Male) |
| 9:19 | Create | Villager (Male) |
| 9:20 | Create | Villager (Male) |
| 10:09 | Build | Farm |
| 10:09 | Build | Farm |
| 10:10 | Build | Farm |
| 10:42 | Build | Mining Camp |
| 10:55 | Build | House |
| 11:12 | Build | Barracks |
| 11:25 | Research | Double-Bit Axe |
| 12:00 | Build | Blacksmith |
| 12:37 | Create | Villager (Male) |
| 12:40 | Create | Villager (Male) |
| 12:49 | Build | Market |
| 13:00 | Build | House |
| 13:47 | Build | Stable |
| 13:51 | Research | Castle Age |
| 14:09 | Create | Villager (Male) |
| 14:09 | Create | Villager (Male) |
| 14:17 | Build | Archery Range |
| 14:49 | Build | Mining Camp |
| 14:55 | Create | Villager (Male) |
| 14:56 | Create | Villager (Male) |
| 15:51 | Build | Watch Tower |
| 16:34 | Create | Knight |
| 16:34 | Create | Knight |
| 16:34 | Create | Knight |
| 16:52 | Create | Villager (Male) |
| 16:52 | Create | Villager (Male) |
| 17:00 | Build | Town Center |
| 17:03 | Create | Villager (Male) |
| 17:34 | Create | Cavalry Archer |
| 17:35 | Create | Cavalry Archer |
| 17:51 | Create | Villager (Male) |
| 17:51 | Create | Villager (Male) |
| 18:34 | Create | Knight |
| 18:34 | Create | Knight |
| 18:37 | Create | Villager (Male) |
| 18:37 | Create | Villager (Male) |
| 18:37 | Create | Villager (Male) |
| 18:42 | Build | Farm |
| 18:42 | Build | Farm |
| 18:42 | Build | Farm |
| 18:42 | Build | Farm |
| 18:45 | Create | Villager (Male) |
| 18:45 | Create | Villager (Male) |
| 18:48 | Build | Farm |
| 18:48 | Build | Farm |
| 18:49 | Build | Farm |
| 18:49 | Build | Farm |
| 18:50 | Build | Farm |
| 19:06 | Build | Watch Tower |
| 19:34 | Build | House |
| 20:41 | Create | Villager (Male) |
| 20:42 | Create | Villager (Male) |
| 20:43 | Create | Villager (Male) |
| 20:44 | Build | Farm |
| 20:47 | Create | Villager (Male) |
| 20:47 | Create | Villager (Male) |
| 20:47 | Create | Villager (Male) |
| 21:19 | Create | Villager (Male) |
| 21:20 | Create | Villager (Male) |
| 21:41 | Create | Knight |
| 21:41 | Create | Knight |
| 22:09 | Build | House |
| 22:11 | Build | House |
| 22:12 | Build | House |
| 22:36 | Create | Knight |
| 22:37 | Create | Knight |
| 22:47 | Create | Villager (Male) |
| 22:50 | Build | Farm |
| 22:53 | Create | Villager (Male) |
| 22:57 | Create | Villager (Male) |
| 22:58 | Create | Villager (Male) |
| 23:33 | Create | Villager (Male) |
| 23:34 | Create | Villager (Male) |
| 23:34 | Create | Villager (Male) |
| 24:02 | Build | Farm |
| 24:33 | Create | Villager (Male) |
| 24:35 | Research | Wheelbarrow |
| 24:42 | Build | House |
| 24:44 | Build | House |
| 24:51 | Build | Town Center |
| 25:08 | Research | Forging |
| 25:22 | Build | Farm |
| 25:23 | Build | Farm |
| 26:07 | Create | Villager (Male) |
| 26:08 | Create | Villager (Male) |
| 26:08 | Create | Villager (Male) |
| 26:08 | Create | Villager (Male) |
| 26:18 | Create | Villager (Male) |
| 26:22 | Create | Villager (Male) |
| 26:22 | Create | Villager (Male) |
| 27:02 | Create | Villager (Male) |
| 27:02 | Create | Villager (Male) |
| 27:03 | Create | Villager (Male) |
| 27:03 | Create | Villager (Male) |
| 27:04 | Create | Villager (Male) |
| 27:26 | Create | Spearman |
| 27:27 | Create | Spearman |
| 27:27 | Create | Spearman |
| 27:47 | Build | Farm |
| 28:07 | Research | Pikeman (upgrade) |
| 28:10 | Create | Villager (Male) |
| 28:27 | Create | Villager (Male) |
| 28:27 | Create | Villager (Male) |
| 28:27 | Create | Villager (Male) |
| 29:02 | Build | Castle |
| 29:14 | Create | Villager (Male) |
| 29:14 | Create | Villager (Male) |
| 29:15 | Create | Villager (Male) |
| 29:15 | Create | Villager (Male) |
| 29:15 | Create | Villager (Male) |
| 29:18 | Build | House |
| 29:20 | Build | House |
Match timeline
| 6:12 | Spy · wall_segment Palisade Wall x4 |
| 9:19 | Powder1011608 · first_building Barracks |
| 9:26 | mservett · first_building Barracks |
| 10:19 | çupra · first_building Barracks |
| 10:23 | JuanchMa · first_building Barracks |
| 10:33 | mservett · age_up feudal |
| 10:50 | mservett · first_building Stable |
| 11:12 | TuckgerX · first_building Barracks |
| 11:12 | Spy · age_up feudal |
| 11:49 | çupra · age_up feudal |
| 11:50 | JuanchMa · first_building Archery Range |
| 11:57 | çupra · first_building Archery Range |
| 12:44 | Spy · first_building Donjon |
| 13:47 | TuckgerX · first_building Stable |
| 14:17 | TuckgerX · first_building Archery Range |
| 17:30 | çupra · first_market_sell 100 wood |
| 17:35 | çupra · first_market_buy 100 food |
| 17:49 | Spy · first_building Stable |
| 20:21 | çupra · wall_segment Palisade Wall x1 |
| 21:13 | mservett · age_up castle |
| 21:24 | JuanchMa · first_building Stable |
| 22:12 | Powder1011608 · first_building Archery Range |
| 22:19 | çupra · age_up castle |
| 24:10 | Powder1011608 · first_building Stable |
| 24:24 | Spy · first_building Barracks |
| 24:47 | mservett · first_building Castle |
| 25:41 | Spy · age_up castle |
| 29:02 | TuckgerX · first_building Castle |
| 30:14 | JuanchMa · first_building Castle |
| 30:18 | TuckgerX · first_building Siege Workshop |
| 31:43 | JuanchMa · first_building Siege Workshop |
| 32:48 | Powder1011608 · first_building Castle |
| 33:26 | Spy · first_building Siege Workshop |
| 34:11 | Powder1011608 · first_building Siege Workshop |
| 37:00 | mservett · tribute_sent a jugador 1 |
| 37:00 | mservett · tribute_sent a jugador 2 |
| 37:00 | mservett · tribute_sent a jugador 4 |
| 37:00 | mservett · tribute_sent a jugador 5 |
| 37:00 | mservett · tribute_sent a jugador 6 |
| 38:00 | mservett · age_up imperial |
| 39:17 | JuanchMa · wall_segment Stone Wall x8 |
| 40:43 | mservett · tribute_sent a jugador 1 |
| 40:43 | mservett · tribute_sent a jugador 2 |
| 40:43 | mservett · tribute_sent a jugador 4 |
| 40:43 | mservett · tribute_sent a jugador 5 |
| 40:43 | mservett · tribute_sent a jugador 6 |
| 41:03 | çupra · first_building Castle |
| 42:23 | mservett · first_building Monastery |
| 51:57 | çupra · tribute_sent a jugador 2 |
| 51:57 | çupra · tribute_sent a jugador 3 |
| 51:57 | çupra · tribute_sent a jugador 4 |
| 51:57 | çupra · tribute_sent a jugador 5 |
| 51:57 | çupra · tribute_sent a jugador 6 |
| 55:17 | TuckgerX · first_market_buy 100 stone |
| 55:29 | JuanchMa · first_market_sell 100 wood |
| 59:27 | mservett · tribute_sent a jugador 1 |
| 59:27 | mservett · tribute_sent a jugador 2 |
| 59:27 | mservett · tribute_sent a jugador 4 |
| 59:27 | mservett · tribute_sent a jugador 5 |
| 59:27 | mservett · tribute_sent a jugador 6 |
| 59:49 | Spy · first_building Castle |
| 63:30 | mservett · first_market_sell 100 food |
| 63:33 | mservett · first_market_buy 100 stone |
| 64:05 | Spy · age_up imperial |
| 66:50 | TuckgerX · first_building Monastery |
| 67:43 | mservett · first_building Siege Workshop |
| 69:30 | çupra · resign |
[ AI ANALYSIS · 1 CREDIT ]
What really happened in this match?
Wolo.gg analyzes every decision: build order, eco, micro, common mistakes by bracket. Personalized analysis on WhatsApp or Discord in 30 seconds.
Civ guide
Vietnamese
Perfil
Jugador #20137129